 Dungeon Crawl Stone Soup version 0.30.1-11-g7821555f0a (webtiles) character file.

Game seed: 1655286240007706509

154 Scypho the Poker (level 5, 0/38 HPs)
             Began as a Merfolk Gladiator on Dec 2, 2023.
             Slain by a gnoll
             ... wielding a +0 flail
              (6 damage)
             ... on level 2 of the Dungeon.
             The game lasted 00:04:14 (1028 turns).

Scypho the Poker (Merfolk Gladiator)                Turns: 1028, Time: 00:04:15

Health: 0/38       AC:  4    Str: 14    XL:     5   Next: 35%
Magic:  5/5        EV: 12    Int:  7    God:
Gold:   120        SH:  0    Dex: 18    Spells: 4/4 levels left

rFire   . . .        a - +0 trident
rCold   . . .        (no shield)
rNeg    . . .        b - +0 leather armour
rPois   .            c - +0 helmet
rElec   .            (no cloak)
rCorr   .            (no gloves)
SInv    .            (no boots)
Will    .....        (no amulet)
Stlth   +            j - +5 ring of evasion
HPRegen 0.26/turn    (no ring)
MPRegen 0.09/turn

%: no passive effects
@: held
A: (nimble swimmer 2), mertail
a: no special abilities


You were on level 2 of the Dungeon.
You visited 1 branch of the dungeon, and saw 2 of its levels.

You collected 120 gold pieces.

Inventory:

Hand Weapons
 a - a +0 trident (weapon)
Missiles
 d - a throwing net (quivered)
 e - a javelin
 i - 4 boomerangs
Armour
 b - a +0 leather armour (worn)
 c - a +0 helmet (worn)
Jewellery
 j - a +5 ring of evasion (left hand)
Scrolls
 f - a scroll of fog {unknown}
 g - 3 scrolls of teleportation {unknown}
 h - 2 scrolls of torment {unknown}
 l - a scroll of poison {unknown}
Potions
 k - a potion of curing {unknown}
 m - a potion of heal wounds {unknown}


   Skills:
 - Level 2.1 Fighting
 + Level 7.8 Polearms
 - Level 2.0 Throwing
 - Level 4.0 Dodging


You had 4 spell levels left.
You didn't know any spells.
Your spell library contained the following spells:

 Spells                   Type           Power      Damage    Failure   Level
 Inner Flame              Hex/Fire       0%         N/A       87%         3
 Flame Wave               Conj/Fire      0%         2d4       99%         4
 Sticky Flame             Conj/Fire      0%         2d3       99%         4


Dungeon Overview and Level Annotations

Branches:
Dungeon (2/15)

Altars:


Innate Abilities, Weirdness & Mutations

((You are very nimble when in or above water. (Stealth+, EV+, Speed+++)))
Your lower body shifts to a powerful aquatic tail in water.


Message History

You reach to attack!
You hit the dart slug.
You reach to attack!
You barely miss the dart slug. The dart slug launches a dart at you.
The slug dart hits you.
You reach to attack!
You hit the dart slug.
You reach to attack!
You puncture the dart slug!
You kill the dart slug!
No target in view!
A frilled lizard is nearby!
The frilled lizard hisses angrily.
You hear a shout!
You see here a fuming red potion.
m - a fuming red potion A gnoll comes into view.
It is wielding a +0 flail.
The gnoll shouts!
You puncture the frilled lizard!
You kill the frilled lizard!
You hear a bark! x2
A gnoll comes into view. It is wielding a +0 spear.
The gnoll shouts!
You hear a bark!
You see here a frilled lizard corpse.
The gnoll shouts!
You hit the gnoll. The gnoll hits you with a +0 flail!
You closely miss the gnoll. The gnoll hits you with a +0 flail.
The gnoll throws a throwing net.
The throwing net hits you.
You become entangled in the net!
You see here a throwing net.
You struggle against the net.
The gnoll completely misses you.
You struggle against the net.
The gnoll hits you from afar with a +0 spear!
* * * LOW HITPOINT WARNING * * *
The gnoll hits you with a +0 flail!
* * * LOW HITPOINT WARNING * * *
You struggle against the net.
The gnoll closely misses you. The gnoll misses you. The jackal bites you.
* * * LOW HITPOINT WARNING * * *
You struggle against the net.
The jackal barely misses you.
The gnoll hits you from afar with a +0 spear.
* * * LOW HITPOINT WARNING * * *
The gnoll hits you with a +0 flail.
You die...

...........................
#########.#.#.###........ # ..#
#.....#.# #......# ####
#.#####.###.#.# #....<.#######...
#..>....##....###......#.......##
.........................########
##..####..#..####..##############
...## #.#..## #..## #.........
##..# #....## ##@..# ###.########
##.....#### #hg#.# #.).# ...##
#gg##.###.### ##.# #.###.....#
#... #. ##....# ####### #.. #.
#..##.####...... #.
#.#>..###..#...#....
....####)........###
#.#h...............#


You could see 3 gnolls and a jackal.

Vanquished Creatures
  A black bear (D:2)
  An adder (D:2)
  2 dart slugs (D:2)
  2 ball pythons (D:1)
  8 bats
  4 endoplasms
  A giant cockroach (D:1)
  4 goblins (D:1)
  6 hobgoblins
  6 kobolds
  2 quokkas
  4 frilled lizards
  4 rats (D:1)
45 creatures vanquished.

Notes
Turn   | Place    | Note
-------+----------+-------------------------------------------
     0 | D:1      | Scypho the Merfolk Gladiator began the quest for the Orb.
     0 | D:1      | Reached XP level 1. HP: 16/16 MP: 1/1
   100 | D:2      | Reached XP level 2. HP: 10/22 MP: 2/2
   100 | D:2      | Noticed a black bear
   104 | D:2      | Reached skill level 5 in Polearms
   194 | D:1      | You fall into a shaft and drop 1 floor!
   303 | D:1      | Reached XP level 3. HP: 16/27 MP: 3/3
   546 | D:1      | Reached skill level 6 in Polearms
   699 | D:1      | Found a faded altar of an unknown god.
   960 | D:2      | Reached XP level 4. HP: 33/33 MP: 4/4
   983 | D:2      | Killed a black bear
   984 | D:2      | Reached skill level 7 in Polearms
   984 | D:2      | Reached XP level 5. HP: 38/38 MP: 5/5
  1028 | D:2      | Slain by a gnoll

Illustrated notes

Levels and vault maps discovered:
D:1:      amcnicky_arrival_blooded_trapdoor, layout_rooms,
          hellmonk_ecumenical_altar_crossroads, minmay_tetromino_t4
D:2:      layout_rooms, lightli_corner_chamber

Skill      XL: |  1  2  3  4 |
---------------+-------------+-----
Polearms       | 5 6 7 |  7.8
Fighting       | |  2.1
Throwing       | |  2.0
Dodging        | |  4.0

Action                     |  1- 3 |  4- 6 || total
---------------------------+-------+-------++-------
  Melee: Trident           |   139 |    17 ||   156
         Punch             |     1 |       ||     1
  Throw: Throwing net      |     1 |     1 ||     2
   Stab: Held in net/web   |       |     1 ||     1
 Armour: Leather armour    |    28 |     2 ||    30
  Dodge: Dodged            |    85 |    12 ||    97
